AoeStats
← grantclements16

Nomad

504377528Analyzed
2v2 RM · 27d ago on Sep 5, 2026· 41m 42s· 4 players
Game mode
Random Map
Map size
176×176
Population
200
Speed
Normal
Resources
Standard
Victory
Conquest
Starting age
Dark Age
Ending age
Imperial Age
RankedLock teamsTeams togetherTeam positionsShared explorationLock speedFull tech treeHidden civsTurbo modeCheats
Victory
Defeat
🇨🇴 Italians · Colombia
1213
+16
🇨🇦 Persians · Canada
1211
+16
🇺🇸 Saracens · United States
1220
-16
🇺🇸 Dravidians · United States
1217
-16
ooouj
10:45 Loom
13:17 Feudal Age
13:36 Double-Bit Axe
13:37 Fishing Lines
20:39 Castle Age
19:29 Bloodlines
20:13 Scale Barding Armor
20:04 Gold Mining
21:26 Bow Saw
22:37 Gillnets
23:47 Medium Warships
26:26 Wheelbarrow
26:57 Chain Barding Armor
29:05 Hand Cart
29:24 Husbandry
31:16 Scale Mail Armor
33:16 Light Cavalry
38:17 Imperial Age
38:21 Heavy Camel Rider
42:22 Plate Barding Armor
41:38 Fletching
molina_229
5:12 Loom
13:26 Feudal Age
17:55 Castle Age
17:26 Double-Bit Axe
19:32 Medium Warships
20:05 Fletching
21:14 Medium Warships
24:02 Padded Archer Armor
26:27 Leather Archer Armor
28:37 Bodkin Arrow
38:38 Horse Collar
39:10 Bow Saw
42:10 Imperial Age
Nike Nerd
6:45 Loom
15:27 Feudal Age
16:14 Man-at-Arms
23:48 Castle Age
22:30 Fletching
22:30 Double-Bit Axe
23:45 Padded Archer Armor
25:10 Bow Saw
24:54 Fishing Lines
25:40 Elite Skirmisher
26:59 Wheelbarrow
28:36 Ballistics
29:50 Medium Warships
35:50 Town Watch
40:25 Scale Mail Armor
grantclements16
10:29 Loom
14:30 Feudal Age
16:01 Horse Collar
20:21 Castle Age
18:51 Gold Mining
20:11 Bloodlines
21:03 Forging
32:54 Husbandry
33:00 Double-Bit Axe
34:02 Scale Barding Armor
36:54 Heavy Plow
42:35 Imperial Age
41:54 Iron Casting
Connection lost

Rejoining the realm…

Still unreachable

The connection could not be restored.

Session expired

The server has moved on; the page needs a fresh start.